 Dungeon Crawl Stone Soup version 0.28-a0-872-g80cf8599ee (webtiles) character file.

Game seed: 3628764354947611332

429 Gwenloh the Changer (level 6, -17/46 HPs)
             Began as a Merfolk Transmuter on Nov 20, 2021.
             Blown up by Ijyb (22 damage)
             ... with a mindburst bolt
             ... on level 3 of the Dungeon.
             The game lasted 00:12:09 (4592 turns).

Gwenloh the Changer (Merfolk Transmuter)            Turns: 4592, Time: 00:12:09

Health: -17/46     AC:  2    Str: 10    XL:     6   Next: 98%
Magic:  5/10       EV: 20    Int: 14    God:
Gold:   83         SH:  0    Dex: 20    Spells: 1/11 levels left

rFire   . . .      SeeInvis .     - Unarmed
rCold   . . .      Faith    .   (shield currently unavailable)
rNeg    . . .      Spirit   .   (armour currently unavailable)
rPois   x          Reflect  .   (helmet currently unavailable)
rElec   .          Harm     .   (cloak currently unavailable)
rCorr   .          Rampage  .   (gloves currently unavailable)
Will    .....                   (boots currently unavailable)
Stlth   ++........              (no amulet)
HPRegen 0.15/turn               c - ring of wizardry
MPRegen 0.12/turn               (no ring)

@: spider-form, wereblooded
A: venomous fangs, tiny, (nimble swimmer 2), (mertail)
a: End Transformation


You were on level 3 of the Dungeon.
You were a venomous arachnid creature.
You visited 1 branch of the dungeon, and saw 3 of its levels.

You collected 83 gold pieces.

Inventory:

Missiles
 d - 74 stones (quivered)
Armour
 a - a +0 robe (melded)
Jewellery
 c - a ring of wizardry (left front leg)
Scrolls
 b - 2 scrolls of summoning {unknown}
 f - a scroll of enchant armour {unknown}
 h - a scroll of blinking {unknown}
 i - a scroll of identify {unknown}
 k - a scroll of amnesia {unknown}
 l - a scroll of enchant weapon {unknown}
Potions
 e - a potion of invisibility {unknown}
 g - 2 potions of heal wounds
 j - a potion of curing {unknown}


   Skills:
 + Level 2.7 Fighting
 - Level 2.9 Dodging
 * Level 5.4 Unarmed Combat
 + Level 3.1 Spellcasting
 * Level 5.6 Transmutations
 - Level 2.0 Poison Magic


You had one spell level left.
You knew the following spells:

 Your Spells              Type           Power      Damage    Failure   Level
a - Beastly Appendage     Tmut           34%        N/A       3%          1
b - Wereblood             Tmut           17%        N/A       4%          2
c - Spider Form           Tmut/Pois      12%        N/A       12%         3
d - Ice Form              Ice/Tmut       10%        N/A       41%         4

Your spell library contained the following spells:

 Spells                   Type           Power      Damage    Failure   Level
 Animate Dead             Necr           1%         N/A       77%         4
 Borgnjor's Vile Clutch   Necr/Erth      1%         N/A       96%         5
 Death Channel            Necr           1%         N/A       100%        6


Dungeon Overview and Level Annotations

Branches:
Dungeon (3/15)

Altars:

Annotations:
D:3 Ijyb


Innate Abilities, Weirdness & Mutations

You are a venomous arachnid creature.
You have poisonous fangs.
You are tiny and dextrous.
Your spellcasting is less reliable in this form.
Your armour is entirely melded.
You are incapable of wielding weapons or throwing items.
((You are quick and stealthy near water. (Stealth+, EV+, Speed+++)))
((Your lower body shifts to a powerful aquatic tail in water.))


Message History

The hobgoblin is moderately wounded.
You completely miss the hobgoblin. You headbutt the hobgoblin.
You kill the hobgoblin!
No target in view!
d - 72 stones (gained 1);
l - a scroll labelled ROJOBI NAOR
d - 73 stones (gained 1)
d - 74 stones (gained 1)
Your transformation is almost over.
Your horns disappear.
You open the door.
Ijyb and a dart slug come into view.
Ijyb is wielding a +0 club and carrying a wand of mindburst (12).
Ijyb shouts!
The dart slug launches a dart at you. The slug dart hits you.
You close the door.
Casting: Beastly Appendage (safe; 1% risk of failure)
Confirm with . or Enter, or press ? or * to list all spells.
Your blood is infused with primal strength.
Ijyb opens the door.
A hobgoblin comes into view.
Casting: Wereblood (safe; 1% risk of failure)
Confirm with . or Enter, or press ? or * to list all spells.
You turn into a venomous arachnid creature.
Your +0 robe melds into your body.
The hobgoblin shouts!
Ijyb drinks a potion.
Ijyb seems to speed up.
Ijyb misses you. The dart slug launches a dart at you.
The slug dart misses you.
Ijyb zaps a wand.
Your mind is blasted!
Ouch! That really hurt!
* * * LOW HITPOINT WARNING * * *
There is an open door here.
You barely miss Ijyb.
Ijyb zaps a wand.
You barely resist. You hit Ijyb but do no damage.
Ijyb is poisoned.
Ijyb hits you with a +0 club!
* * * LOW HITPOINT WARNING * * *
You hit Ijyb.
Ijyb looks even sicker.
Ijyb is lightly wounded.
Ijyb zaps a wand.
You barely resist.
Ijyb zaps a wand.
Your mind is blasted!
You die...

.... #. ##+#.....#
#. #........# #.
#........ #.
#......# ##
#.w....# #.
#.g....# #.
#..g...# #. #s#
########. #.#
#........ #.#
#.######. #.#
#.####.#. #.#
#......#.
#.#############.#.
#.................
###############.##
#.#


You could see Ijyb (fast, very poisoned), a dart slug and a hobgoblin.

Vanquished Creatures
  Grinder (D:3)
  An orc priest (D:3)
  Jessica (D:2)
  4 gnolls (D:3)
  4 adders
  An adder skeleton (D:2)
  2 worms
  2 dart slugs
  5 orcs (D:3)
  5 endoplasms
  7 giant cockroaches
  5 goblins
  10 hobgoblins
  6 jackals
  4 kobolds
  6 quokkas
  3 ball pythons
  7 bats
  A frilled lizard (D:1)
  A giant cockroach zombie (D:2)
  7 rats
83 creatures vanquished.

Vanquished Creatures (others)
  A withered plant (D:2)
1 creature vanquished.

Grand Total: 84 creatures vanquished

Notes
Turn   | Place    | Note
-------+----------+-------------------------------------------
     0 | D:1      | Gwenloh the Merfolk Transmuter began the quest for the Orb.
     0 | D:1      | Reached XP level 1. HP: 15/15 MP: 3/3
   483 | D:1      | Reached XP level 2. HP: 11/21 MP: 3/5
   486 | D:1      | Learned a level 2 spell: Wereblood
  1114 | D:1      | Reached XP level 3. HP: 25/26 MP: 6/6
  1142 | D:1      | Learned a level 3 spell: Spider Form
  1767 | D:2      | Noticed Jessica
  1909 | D:2      | Killed Jessica
  1910 | D:2      | Reached skill level 1 in Poison Magic
  1910 | D:2      | Reached XP level 4. HP: 33/33 MP: 3/7
  2239 | D:2      | Found a faded altar of an unknown god.
  2998 | D:3      | Reached XP level 5. HP: 27/38 MP: 5/8
  3863 | D:3      | Reached XP level 6. HP: 35/44 MP: 7/10
  3943 | D:3      | Learned a level 4 spell: Ice Form
  3948 | D:3      | Noticed Grinder
  3948 | D:3      | Paralysed by Grinder for 6 turns
  3965 | D:3      | HP: 1/44 [Grinder (4)]
  3972 | D:3      | HP: 1/44 [rat (1)]
  3981 | D:3      | Killed Grinder
  3982 | D:3      | Reached skill level 5 in Unarmed Combat
  3982 | D:3      | Reached skill level 5 in Transmutations
  4585 | D:3      | Noticed Ijyb
  4592 | D:3      | Blown up by Ijyb

Illustrated notes

Levels and vault maps discovered:
D:1:      nicolae_arrival_washed_ashore, layout_loops_cross
D:2:      layout_rooms, serial_undead, serial_undead_d, serial_undead_b,
          serial_undead_e, serial_undead_f, ebering_ecumenical_altar_webs,
          hangedman_decor_points, minmay_cut_off, uniq_jessica
D:3:      layout_basic, serial_shops, shop_fountains, minmay_fractal_squares_5,
          uniq_grinder, uniq_ijyb

Skill      XL: |  1  2  3  4  5  6 |
---------------+-------------------+-----
Transmutations | 3 4 5 |  5.6
Unarmed Combat | 4 5 |  5.4
Poison Magic   | 1 2 |  2.0
Fighting       | 2 |  2.7
Spellcasting   | 3 |  3.1
Dodging        | |  2.9

Action                   |  1- 3 |  4- 6 || total
-------------------------+-------+-------++-------
Melee: Unarmed           |   122 |   153 ||   275
       Headbutt          |    15 |    11 ||    26
       Punch             |     1 |       ||     1
Throw: Stone             |    46 |    84 ||   130
 Cast: Beastly Appendage |    26 |    25 ||    51
       Wereblood         |     4 |     7 ||    11
       Spider Form       |     1 |     7 ||     8
Armor: Robe              |    20 |    11 ||    31
       Skin              |       |     4 ||     4
Dodge: Dodged            |    97 |   102 ||   199

Table legend: (Time is in decaauts)
 A = Elapsed time spent in this place.
 B = Non-inter-level travel time spent in this place.
 C = Inter-level travel time spent in this place.
 D = Time resting spent in this place.
 E = Time spent auto-exploring this place.
 F = Levels seen in this place.
 G = Mean time per level.
                   A        B        C        D        E       F      G
               +--------+--------+--------+--------+--------+-----+--------+
         Total |   4585 |   4509 |     76 |    688 |   2972 |   3 | 1528.3 |
       Dungeon |   4585 |   4509 |     76 |    688 |   2972 |   3 | 1528.3 |
               +--------+--------+--------+--------+--------+-----+--------+

Top non-repeatable levels by time:
     D:1: 1690 daAuts
     D:2: 1473 daAuts
     D:3: 1420 daAuts
